Arrhythmia, chaotic female vampiric Convict ## 0# #** * ## #*######*#*#*# # # ## *# 0##*## #0### ###*#*###* # ########### ### ######%#%## ##0 ##*###**###0###* #*### ##*############### # # # ## ## ### ###**0####### ############# # ####0 #### # ###*# ####* **##***######## ## ########*0 ########## # * # # #$# ##### ########### *#0 ######### ######## *# #### *#### #### 0###**##*### 0#*# ######## ########## *# #### ## ** ### ###*#####0## 0*## ######## * ######### ## ######## *# *######*######0# ##@ ##*####^############## # ####### **# 0######*######## ##@##################*# ## ** ####### # 0########*####### #####*################ ###** ##*## ## 0#######*####0## ######@#0#0#*########### ### # ### * ########*#<#######*0 *############### *#### ##### #%# ##**0#############*### *############** # #### ###### # 0#**#*##############%##! ### #################%##*### ####### #### #####*############ ###0* ############* # ####### ####(###0#0#%##0#############0#*###############^ ###### ###>#####*#####*## # #### #### ### ##! # # ##*#*# # *##0## # $#*##0 # ##### Arrhythmia the Prisoner Experience level: 12 Strength: 18/01 Dexterity: 12 Constitution: 18 Intelligence: 9 Wisdom: 12 Charisma: 10 Health: 0(107) Energy: 82(82) AC: -8 Gold: 0 Moves: 15161 Your Inventory: Amulets q - an uncursed amulet of ESP Weapons Z - an uncursed rustproof [+0] broadsword named Luck Blade [Luck Blade] Armor b - an uncursed +0 striped shirt (being worn) h - an uncursed +0 elven cloak (being worn) k - an uncursed +0 pair of gauntlets of dexterity (being worn) A - an [uncursed] +0 pair of jackboots [high] (being worn) D - an uncursed +0 dwarvish mithril-coat (being worn) J - a blessed +1 elven shield (being worn) R - a blessed +1 helm of brilliance and fire resistance (being worn) Wands o - an uncursed wand of digging (1:4) B - an [uncursed] wand of speed monster [0:2] Tools a - an uncursed [+0] unicorn horn f - an uncursed bag called Oilskin [oilskin sack] n - an uncursed skeleton key t - an uncursed drum of earthquake [0:7] G - an uncursed blindfold W - an uncursed stethoscope Iron balls c - an uncursed heavy iron ball (weapon in hand) Contents of the oilskin sack: an [uncursed] scroll called scare monster [of scare monster] Spells known in the end: Name Level Category Fail Memory Your skills at the end: Fighting Skills body armor [Skilled / Skilled] shield [Basic / Basic] Weapon Skills flail [Expert / Expert] sling [Basic / Skilled] Spellcasting Skills Final Attributes: You were piously aligned. Hunger level was 377. Your alignment was 85 / 85. Monster difficulty range was 2 - 13. Level difficulty was 15. You were immune to fire. You were immune to poison. You were immune to level-drain. You were immune to sickness. You were stealthy. You could fly. You could survive without air. You regenerated. You were extremely lucky (12). You had extra luck. Bad luck did not time out for you. Good luck did not time out for you. You are dead. Vanquished creatures: 2 iron golems 2 trappers a skeleton 3 prison guards 5 inmates a lurker above a black pudding a lieutenant 2 ghosts a giant mimic a fire giant an Elvenking a stalker 4 earth elementals 5 xorns 2 sergeants 3 wargs a small mimic 2 glass piercers a warhorse a xan an ogre lord a quantum mechanic 2 wood golems 2 giant turtles a gelatinous cube a freezing sphere a shocking sphere a large cat a tiger a gargoyle 3 tengu an ochre jelly a leocrotta an energy vortex an elf mummy a human mummy a red naga a pit viper a carnivorous ape 5 ettin zombies a leather golem 18 soldiers a succubus an incubus a chameleon 24 giant beetles 4 winter wolf cubs a panther 5 leprechauns an orc-captain an iron piercer 2 mumakil 12 giant spiders 3 scorpions a horse an ice vortex 2 gnome kings 3 dwarf mummies a rust monster 2 owlbears a yeti a werewolf 4 Green-elves 4 dogs 2 jaguars a dwarf lord 3 blue jellies 2 white unicorns a raven 3 plains centaurs 3 Kop Kaptains 2 gnome mummies 2 snakes 3 apes 3 human zombies a rope golem 6 Woodland-elves 10 soldier ants 4 snow ants 4 bugbears an imp a quasit 3 wood nymphs 5 water nymphs 2 mountain nymphs 9 Mordor orcs 14 Uruk-hai 5 orc shamans 5 rock piercers 8 enormous rats a rock mole 2 ponies 2 fog clouds 5 yellow lights a shrieker 4 violet fungi 11 gnome lords 2 gnomish wizards 3 Kop Lieutenants a gray ooze 5 elf zombies a paper golem 3 wax golems 4 giant ants 8 dwarves a kobold shaman 3 hill orcs 6 rothes a rabid rat a giant bat 3 Kop Sergeants 20 orc zombies 4 dwarf zombies a miner a wererat 7 iguanas 8 killer bees an acid blob 2 coyotes 3 gas spores 7 hobbits 3 manes 3 large kobolds 7 hobgoblins 5 giant rats 5 cave spiders a brown mold 3 yellow molds a green mold 28 gnomes 8 Keystone Kops 3 garter snakes a gnome zombie 7 geckos 14 jackals 3 kobolds 5 goblins 2 sewer rats 11 grid bugs 2 bats 7 lichens a kobold zombie 4 newts 513 creatures vanquished. Voluntary challenges: You went without food. You never hit with a wielded weapon. You read items or engraved 20 times. You put on armor 81 times. You never genocided any monsters. You never polymorphed an object. You never changed form. You used no wishes. You abstained from Elbereth's help. You never encountered a bones level. You never used any Sokoban shortcuts. Dungeon overview: The Dungeons of Doom: levels 1 to 11 Level 1 an altar to Tymora, some fountains a long staircase Level 2 an altar Level 3 an armor shop, some fountains Level 4 a general store stairs to The Gnomish Mines Level 5 many fountains Level 6 stairs to Sokoban Level 7 a fountain Level 8 a fountain stairs to Town Level 9 a temple to Tymora Level 10 many fountains Level 11 many fountains, a sink, many trees portal to The Quest The Gnomish Mines: levels 5 to 7 Level 5 stairs to The Dungeons of Doom Level 7 a lighting shop, a fountain, some trees The Quest: levels 1 to 6 Level 1 an altar to Tymora, a magic chest, a sink portal to The Dungeons of Doom Level 3 a general store, a sink Level 5 <- You were here Sokoban: Level 5 a magic chest stairs to The Dungeons of Doom Town: levels 6 to 7 Level 6 a fountain, a tree Level 7 stairs to The Dungeons of Doom History has recorded: On T:1 you entered the Dungeons of Doom to retrieve the Amulet of Yendor! On T:415 you advanced to experience level 2. On T:634 you reached level 2 of The Dungeons of Doom. On T:644 you advanced to experience level 3. On T:1076 you reached level 3 of The Dungeons of Doom. On T:1081 you advanced to experience level 4. On T:1172 you advanced to experience level 5. On T:1566 you reached level 4 of The Dungeons of Doom. On T:1684 you reached level 1 of The Gnomish Mines. On T:1739 you advanced to experience level 6. On T:2318 you advanced to experience level 7. On T:3098 you reached level 2 of The Gnomish Mines. On T:3179 you advanced to experience level 8. On T:3595 you reached level 3 of The Gnomish Mines. On T:3951 you advanced to experience level 9. On T:4297 you reached level 5 of The Dungeons of Doom. On T:4645 you reached level 6 of The Dungeons of Doom. On T:4886 you reached level 3 of Sokoban. On T:5066 you reached level 7 of The Dungeons of Doom. On T:5188 you reached level 8 of The Dungeons of Doom. On T:5973 you advanced to experience level 10. On T:6130 you reached level 3 of Town. On T:6228 you reached level 2 of Town. On T:6482 you received Luck Blade from Tymora. On T:7948 you received a rustproof flail of telepathy from Tymora. On T:9162 you reached level 10 of The Dungeons of Doom. On T:9294 you advanced to experience level 11. On T:9374 you reached level 11 of The Dungeons of Doom. On T:11475 you reached level 1 of The Quest. On T:12710 you embarked upon an epic quest. On T:13114 you reached level 2 of The Quest. On T:13438 you reached level 3 of The Quest. On T:14220 you advanced to experience level 12. On T:14373 you reached level 4 of The Quest. On T:14432 you reached level 5 of The Quest. On T:15002 you reached level 6 of The Quest. Latest messages: "Back again, Arrhythmia? You will certainly die in your attempt to defeat me." [HP-20=43] [HP+1=44] The lava demon misses. (3x) [HP+1=45] The lava demon hits! The lava demon bites! (2x) You hit the lava demon! You bite the lava demon. The lava demon hits! The lava demon bites! (2x) [HP-5=40] You hit the lava demon! You miss the lava demon. Warden Arianna hits! (3x) "Back again, Arrhythmia? You will certainly die in your attempt to defeat me." The lava demon just misses! The lava demon bites! (2x) [HP-14=26] Warden Arianna hits! (2x) You die... Final status: Goodbye Arrhythmia the Convict... You died in The Quest on dungeon level 5 with 54336 points, and 0 pieces of gold, after 15161 moves. You were level 12 with a maximum of 107 hit points when you died.